 Dungeon Crawl Stone Soup version 0.19.1 (webtiles) character file.

4498 HessuHobo the Protected (level 10, -2/69 HPs)
             Began as a Demonspawn Berserker on Dec 27, 2016.
             Was an Elder of Trog.
             Succumbed to a gnoll sergeant's poison
             ... on level 8 of the Dungeon.
             The game lasted 00:29:29 (9046 turns).

HessuHobo the Protected (Demonspawn Berserker)      Turns: 9046, Time: 00:29:30

Health: -2/69      AC: 29    Str: 21    XL:     10   Next: 16%
Magic:  4/10       EV:  7    Int:  6    God:    Trog [****..]
Gold:   66         SH:  0    Dex: 18    Spells: 0 memorised, 9 levels left

rFire  + . .     SeeInvis .     p - +7 scythe (slice)
rCold  . . .     Gourm    .     v - +9 plate armour of Bixkir {rPois rF+ Int-2 Dex+3}
rNeg   . . .     Faith    .     (shield currently unavailable)
rPois  +         Spirit   +     (helmet restricted)
rElec  .         Reflect  .     (no cloak)
rCorr  .         Harm     .     l - +1 pair of gloves
MR     .....     Rnd*Tele +     (boots unavailable)
Stlth  ..........               (no amulet)
                                z - +4 ring of protection
                                x - +2 ring of dexterity

@: lethally poisoned (-2 -> -39), exhausted, about to teleport, slowed, very
slow
A: claws 1, horns 1, talons 3, demonic guardian 1, frail 1, mutation resistance
1, teleportitis 1, magic shield, no device heal 1
a: Berserk, Trog's Hand, Brothers in Arms, Burn Spellbooks, Renounce Religion


You were on level 8 of the Dungeon.
You worshipped Trog.
Trog was greatly pleased with you.
You were very hungry.

You visited 1 branch of the dungeon, and saw 8 of its levels.
You visited the Abyss 1 time.

You collected 522 gold pieces.
You spent 456 gold pieces at shops.

Inventory:

Hand Weapons
 a - a +1 hand axe
 p - a +7 scythe of slicing (weapon)
 y - a +0 halberd of distortion
 A - a +2 war axe
Armour
 b - a +0 animal skin
 d - a +0 ring mail
 l - a +1 pair of gloves (worn)
 n - a +0 chain mail
 v - the +9 plate armour of Bixkir (worn) {rPois rF+ Int-2 Dex+3}
   (You found it on level 7 of the Dungeon)

   It affects your intelligence (-2).
   It affects your dexterity (+3).
   It protects you from fire.
   It protects you from poison.
Jewellery
 x - a +2 ring of dexterity (left hand)
 z - a +4 ring of protection (right hand)
Wands
 o - a wand of lightning (2/15)
 r - a wand of teleportation (1/9)
Scrolls
 e - 9 scrolls of remove curse
 i - 5 scrolls of identify
 j - 2 scrolls of teleportation
 m - 2 scrolls of fear
 t - a scroll of blinking
Potions
 q - 2 potions of flight
 s - 2 potions of ambrosia
 w - a potion of resistance {unknown}
Comestibles
 c - 2 bread rations
 f - a slice of pizza
 g - 5 meat rations
 h - a beef jerky
 k - 5 chunks of flesh
 u - 2 fruits


   Skills:
 + Level 6.3 Fighting
 + Level 8.5(8.8) Axes
 * Level 3.1(6.2) Polearms
 * Level 9.2 Armour
 - Level 1.7 Dodging
 - Level 1.4 Stealth


You had 9 spell levels left.
You didn't know any spells.

Dungeon Overview and Level Annotations

Branches:
Dungeon (8/15)             Temple (0/1) D:5
   Lair: D:8-11

Altars:
Cheibriados
Elyvilon
Hepliaklqana
Makhleb
Okawaru
Trog

Shops:
D:7 }   D:8 (


Innate Abilities, Weirdness & Mutations

You have sharp fingernails.
You have claws for feet.
A weak demonic guardian rushes to your aid.
When hurt, damage is shared between your health and your magic reserves.
You have a pair of small horns on your head.
You are frail. (-10% HP)
You are somewhat resistant to further mutation.
You are occasionally teleported next to monsters.
Potions and wands are less effective at restoring your health.


Message History

The kobold hits you but does no damage. The gnoll sergeant closely misses you.
The gnoll sergeant hits you but does no damage.
You bump into the stone wall.
You feel less invigorated.
You feel less confused.
* * * LOW HITPOINT WARNING * * *
You feel very sick.
The gnoll shaman hits you but does no damage.
The orc priest grunts repeatedly.
The gnoll sergeant barely misses you. The gnoll shaman barely misses you.
As you read the scroll of teleportation, it crumbles to dust.
You feel strangely unstable.
* * * LOW HITPOINT WARNING * * *
You feel very sick.
The gnoll sergeant hits you with a trident of venom.
* * * LOW HITPOINT WARNING * * *
The big kobold hits you but does no damage.
The gnoll barely misses you.
The gnoll shaman hits you but does no damage.
The kobold hits you with a dagger.
You die...

##..)..####.....###.
#####...###...........
....
#...................P.
P.P.
#.####....P.P.....P♣P♣
P♣P.
..........P♣P.....PP♣P
♣♣♣
..###...P♣PPP♣....♣♣♣ #
..###...PPPPP#('5## K
..##...♣P♣♣♣P#...# og
......PP♣# ###.g@#
#.....♣P♣#. #oK.#
#.....PP♣#.. #(gK#
####..♣PP#...#g########
#.....#...)K)oK.g...
#.....#$..'..K......
####################


You could see a big kobold, a gnoll sergeant, a gnoll shaman, an orc priest, a
gnoll, 2 kobolds and a friendly ufetubus.

Vanquished Creatures
  Pikel (D:4)
  Psyche (D:8)
  A gargoyle (D:7)
  A wyvern (D:7)
  2 humans (D:7)
  A steam dragon (D:8)
  Menkaure (D:6)
  Purgy (D:3)
  2 orc warriors
  2 phantoms
  2 sky beasts
  3 ogres
  A big kobold (D:8)
  2 bullfrogs (D:8)
  A gnoll sergeant (D:8)
  2 scorpions (D:6)
  2 wights (D:7)
  3 howler monkeys
  A bullfrog zombie (D:6)
  A centaur zombie (D:8)
  2 crimson imps (D:7)
  3 hounds
  2 jellies
  5 orc priests
  Crazy Yiuf (D:3)
  Jessica (D:2)
  5 orc wizards
  An iguana (D:7)
  7 worker ants
  A hound zombie (D:6)
  A hound skeleton (D:5)
  A howler monkey zombie (D:6)
  13 adders
  10 gnolls
  3 shadow imps
  2 adder skeletons
  2 worms
  3 dart slugs
  3 leopard geckos
  20 orcs
  A giant cockroach (D:5)
  7 goblins
  12 hobgoblins
  5 jackals
  8 kobolds
  A quokka (D:7)
  A ball python (D:3)
  13 bats
  6 frilled lizards
  A leopard gecko skeleton (D:6)
  A leopard gecko zombie (D:7)
  3 rats (D:2)
176 creatures vanquished.

Vanquished Creatures (collateral kills)
  Edmund (D:4)
  An ice beast (D:6)
  A centaur (D:5)
  A wight (D:7)
  A crimson imp (D:7)
  An iguana (D:7)
  A worm (D:3)
  2 quokkas
9 creatures vanquished.

Grand Total: 185 creatures vanquished

Notes
Turn   | Place    | Note
-------+----------+-------------------------------------------
     0 | D:1      | HessuHobo the Demonspawn Berserker began the quest for the Orb.
     0 | D:1      | Reached XP level 1. HP: 18/18 MP: 1/1
   230 | D:1      | Reached skill level 2 in Armour
   292 | D:1      | Gained mutation: You have sharp fingernails. [demonic ancestry]
   292 | D:1      | Reached XP level 2. HP: 14/24 MP: 2/2
   861 | D:2      | Gained mutation: You have sharp toenails. [demonic ancestry]
   861 | D:2      | Reached XP level 3. HP: 29/29 MP: 3/3
   942 | D:2      | Noticed Jessica
   953 | D:2      | Killed Jessica
   968 | D:2      | Gained mutation: A weak demonic guardian rushes to your aid. [demonic ancestry]
   968 | D:2      | Reached XP level 4. HP: 28/36 MP: 4/4
  1586 | D:3      | Reached ** piety under Trog
  1756 | D:3      | Reached skill level 3 in Armour
  2115 | D:3      | Found a white marble altar of Elyvilon.
  2116 | D:3      | Found a bloodstained altar of Trog.
  2165 | D:3      | Noticed Purgy
  2179 | D:3      | Killed Purgy
  2179 | D:3      | Reached XP level 5. HP: 42/42 MP: 5/5
  2309 | D:3      | Found a runed door.
  2480 | D:3      | Noticed Crazy Yiuf
  2485 | D:3      | Killed Crazy Yiuf
  2535 | D:4      | Reached XP level 6. HP: 48/48 MP: 6/6
  2538 | D:4      | Reached skill level 4 in Armour
  2812 | D:4      | Noticed Edmund
  2832 | D:4      | Killed Edmund
  3114 | D:4      | Reached skill level 5 in Axes
  3114 | D:4      | Reached XP level 7. HP: 44/54 MP: 7/7
  3505 | D:4      | Reached *** piety under Trog
  3524 | D:4      | Found a faded altar of an unknown god.
  3524 | D:4      | Found a faded altar of an unknown god.
  3529 | D:4      | Found a burning altar of Makhleb.
  3532 | D:4      | Found a snail-covered altar of Cheibriados.
  3534 | D:4      | Found a hazy altar of Hepliaklqana.
  3566 | D:4      | Noticed Pikel
  3574 | D:4      | Killed Pikel
  3574 | D:4      | Reached skill level 5 in Armour
  3850 | D:5      | Entered Level 5 of the Dungeon
  3852 | D:5      | Found a staircase to the Ecumenical Temple.
  3914 | D:5      | Gained mutation: You have razor-sharp toenails. [demonic ancestry]
  3914 | D:5      | Reached XP level 8. HP: 59/61 MP: 8/8
  3946 | D:5      | Reached skill level 6 in Armour
  3946 | D:5      | Reached skill level 1 in Stealth
  5037 | D:6      | Reached skill level 5 in Fighting
  5281 | D:6      | Reached skill level 7 in Armour
  5547 | D:6      | Noticed Menkaure
  5552 | D:6      | Killed Menkaure
  6407 | D:7      | Gained mutation: When hurt, damage is shared between your health and your magic reserves. [demonic ancestry]
  6407 | D:7      | Reached XP level 9. HP: 64/68 MP: 9/9
  6758 | D:7      | Found Tamuzufi's Gadget Emporium.
  6956 | D:7      | Reached skill level 8 in Armour
  7106 | D:7      | Received a gift from Trog
  7236 | D:7      | Reached **** piety under Trog
  7248 | D:7      | Found an iron altar of Okawaru.
  7541 | D:7      | Got a fine plate armour
  7552 | D:7      | Identified the +9 plate armour of Bixkir {rPois rF+ Int-2 Dex+3} (You found it on level 7 of the Dungeon)
  7589 | D:7      | Cast into level 1 of the Abyss (gnoll)
  7593 | Abyss:1  | Found a corrupted altar of Lugonu.
  7610 | D:7      | Escaped the Abyss
  7752 | D:7      | Noticed a gargoyle
  7767 | D:7      | Killed a gargoyle
  7844 | D:7      | Gained mutation: You occasionally shout uncontrollably at your foes. [mutagenic glow]
  7877 | D:7      | Gained mutation: You are occasionally teleported next to monsters. [mutagenic glow]
  8120 | D:8      | Reached skill level 9 in Armour
  8330 | D:8      | Found Beffir Penu's Weapon Boutique.
  8351 | D:8      | Bought a +7 scythe of slicing for 456 gold pieces
  8782 | D:8      | Noticed Psyche
  8787 | D:8      | Killed Psyche
  8787 | D:8      | Reached skill level 1 in Polearms
  8798 | D:8      | Gained mutation: You have claws for feet. [demonic ancestry]
  8798 | D:8      | Reached XP level 10. HP: 57/76 MP: 8/10
  8813 | D:8      | Gained mutation: Potions and wands are less effective at restoring your health. [mutagenic meat]
  8814 | D:8      | Lost mutation: You occasionally shout uncontrollably at your foes. [mutagenic meat]
  8815 | D:8      | Gained mutation: You are frail. (-10% HP) [mutagenic meat]
  8816 | D:8      | Gained mutation: You have a pair of small horns on your head. [mutagenic meat]
  8817 | D:8      | Gained mutation: You are somewhat resistant to further mutation. [mutagenic meat]
  9045 | D:8      | HP: 2/69 [poisoned by a gnoll sergeant]
  9046 | D:8      | Succumbed to a gnoll sergeant's poison

Skill      XL: |  1  2  3  4  5  6  7  8  9 10 |
---------------+-------------------------------+-----
Armour         | 2 3 4 5 7 9 |  9.2
Axes           | 3 4 5 7 8 |  8.5
Fighting       | 4 5 6 |  6.3
Stealth        | 1 |  1.4
Polearms       | 1 3 |  3.1
Dodging        | |  1.7

Action                   |  1- 3 |  4- 6 |  7- 9 | 10-12 || total
-------------------------+-------+-------+-------+-------++-------
Melee: Hand axe          |    64 |   193 |   460 |       ||   717
       Kick              |     4 |    52 |   185 |     6 ||   247
       War axe           |       |       |    29 |       ||    29
       Scythe            |       |       |    23 |    30 ||    53
       Headbutt          |       |       |       |     6 ||     6
Invok: Berserk           |     1 |     5 |    13 |     1 ||    20
       Trog's Hand       |       |       |     1 |       ||     1
  Use: Potion            |     3 |       |     3 |     1 ||     7
       Scroll            |       |     6 |     9 |     1 ||    16
 Stab: Distracted        |       |       |     2 |       ||     2
  Eat: Chunk             |     1 |    11 |    22 |     7 ||    41
       Beef jerky        |       |       |     2 |       ||     2
       Bread ration      |       |       |     1 |       ||     1
       Fruit             |       |       |     1 |       ||     1
       Pizza             |       |       |     1 |       ||     1
Armor: Animal skin       |     9 |       |       |       ||     9
       Ring mail         |    32 |    12 |       |       ||    44
       Chain mail        |       |   110 |   152 |       ||   262
       Plate armour      |       |       |    90 |    62 ||   152
Dodge: Dodged            |    53 |    94 |   208 |    35 ||   390
